% Time on Ice - REGINA FALCONS
Lines # - Real PCT - Wanted PCT - Time Play
Normal Forward
1 - 36% - 36% - 14:32
2 - 33% - 34% - 13:21
3 - 26% - 24% - 10:28
4 - 6% - 6% - 2:34
Normal Defense
1 - 35% - 38% - 14:20
2 - 38% - 34% - 15:21
3 - 27% - 28% - 10:55
4 - 1% - 0% - 0:19
PP Forward
1 - 51% - 55% - 5:06
2 - 49% - 45% - 4:51
PP Defense
1 - 48% - 55% - 4:46
2 - 52% - 45% - 5:11
PK Forward
1 - 58% - 55% - 4:10
2 - 42% - 45% - 2:59
PK Defense
1 - 57% - 55% - 4:06
2 - 43% - 45% - 3:03
PK3 Forward
1 - 0% - 55%
2 - 0% - 45%
PK3 Defense
1 - 0% - 55%
2 - 0% - 45%
44 Forward
1 - 62% - 55% - 1:14
2 - 38% - 45% - 0:45
44 Defense
1 - 41% - 55% - 0:49
2 - 59% - 45% - 1:10
Last Minute Offensive  - 0:00
Last Minute Defensive  - 0:00
Total
Forward - 60:00
Defense - 60:00
% Time on Ice - LAS VEGAS LIZARD KINGS
Lines # - Real PCT - Wanted PCT - Time Play
Normal Forward
1 - 39% - 39% - 15:49
2 - 30% - 30% - 12:19
3 - 23% - 25% - 9:32
4 - 8% - 6% - 3:15
Normal Defense
1 - 33% - 43% - 13:19
2 - 37% - 42% - 15:03
3 - 27% - 15% - 11:15
4 - 3% - 0% - 1:18
PP Forward
1 - 57% - 75% - 4:04
2 - 43% - 25% - 3:05
PP Defense
1 - 52% - 65% - 3:41
2 - 48% - 35% - 3:28
PK Forward
1 - 85% - 65% - 8:28
2 - 15% - 35% - 1:29
PK Defense
1 - 64% - 70% - 6:23
2 - 36% - 30% - 3:34
PK3 Forward
1 - 0% - 55%
2 - 0% - 45%
PK3 Defense
1 - 0% - 55%
2 - 0% - 45%
44 Forward
1 - 96% - 60% - 1:54
2 - 4% - 40% - 0:05
44 Defense
1 - 45% - 55% - 0:54
2 - 55% - 45% - 1:05
Last Minute Offensive  - 0:00
Last Minute Defensive  - 0:00
Total
Forward - 60:00
Defense - 60:00
Play-by-Play 1st period 0:01 of 1st period - Jonathan Miller wins face-off versus Ryan Nugent-Hopkins in neutral zone. 0:42 of 1st period - Shot by Ryan Nugent-Hopkins. 0:42 of 1st period - Stopped by Anton Khudobin without a rebound. 0:43 of 1st period - Ryan Getzlaf wins face-off versus Sean Monahan in REGINA FALCONS zone. 0:56 of 1st period - Shot by Nino Niederreiter. 0:56 of 1st period - Deflect By Sean Monahan. 0:56 of 1st period - Shot Misses the Net. 0:58 of 1st period - Shot by John Marino. 0:58 of 1st period - Stopped by Anton Khudobin without a rebound. 0:59 of 1st period - Derek Ryan wins face-off versus Derick Brassard in REGINA FALCONS zone. 1:02 of 1st period - Shot by Barclay Goodrow. 1:02 of 1st period - Deflect By Bobby Ryan. 1:02 of 1st period - Shot Misses the Net. 1:04 of 1st period - Shot by Barclay Goodrow. 1:04 of 1st period - Shot Misses the Net. 2:01 of 1st period - Shot by Nino Niederreiter. 2:01 of 1st period - Stopped by Anton Khudobin without a rebound. 2:02 of 1st period - Zemgus Girgensons wins face-off versus Ryan Getzlaf in REGINA FALCONS zone. 2:25 of 1st period - Shot by Ryan Getzlaf. 2:25 of 1st period - Shot Blocked by John Marino. 3:01 of 1st period - Erik Johnson is hit by Drake Caggiula and loses puck. 3:31 of 1st period - Shot by Jonathan Miller. 3:31 of 1st period - Shot Misses the Net. 3:43 of 1st period - Erik Johnson is hit by Drake Caggiula and loses puck. 4:16 of 1st period - Icing by Olli Maatta. 4:17 of 1st period - Sean Monahan wins face-off versus Derick Brassard in REGINA FALCONS zone. 4:21 of 1st period - Jeff Skinner is hit by Olli Maatta and loses puck. 4:52 of 1st period - Shot by Jeff Skinner. 4:52 of 1st period - Stopped by Anton Khudobin with a rebound. 4:59 of 1st period - Minor Penalty to Olli Maatta for Roughing. 5:00 of 1st period - Victor Olofsson wins face-off versus Denis Malgin in REGINA FALCONS zone. 5:37 of 1st period - Shot by Ryan Nugent-Hopkins. 5:37 of 1st period - Stopped by Anton Khudobin without a rebound. 5:38 of 1st period - Ryan Getzlaf wins face-off versus Sean Monahan in REGINA FALCONS zone. 6:13 of 1st period - Brent Burns is hit by Ryan Getzlaf and loses puck. 7:14 of 1st period - Minor Penalty to Brenden Dillon for Tripping. 7:15 of 1st period - Ryan Getzlaf wins face-off versus Ryan Nugent-Hopkins in REGINA FALCONS zone. 7:43 of 1st period - Shot by Johnny Gaudreau. 7:43 of 1st period - Stopped by Anton Khudobin without a rebound. 7:44 of 1st period - Jeff Skinner wins face-off versus Denis Malgin in REGINA FALCONS zone. 7:47 of 1st period - Shot by Nino Niederreiter. 7:47 of 1st period - Shot Misses the Net. 8:44 of 1st period - Marc-Edouard Vlasic is hit by Johnny Gaudreau and loses puck. 9:25 of 1st period - Jonathan Miller is hit by Brayden McNabb and loses puck. 9:44 of 1st period - Shot by Max Pacioretty. 9:44 of 1st period - Stopped by Marc-Andre Fleury without a rebound. 9:45 of 1st period - Patrik Laine wins face-off versus Evan Rodrigues in LAS VEGAS LIZARD KINGS zone. 9:49 of 1st period - Icing by Matt Niskanen. 9:50 of 1st period - Ryan Getzlaf wins face-off versus Evan Rodrigues in LAS VEGAS LIZARD KINGS zone. 9:57 of 1st period - Shot by Ryan Getzlaf. 9:57 of 1st period - Goal by Ryan Getzlaf - REGINA FALCONS : 1 - LAS VEGAS LIZARD KINGS : 0. 9:58 of 1st period - Ryan Getzlaf wins face-off versus Ryan Nugent-Hopkins in neutral zone. 10:17 of 1st period - Icing by Ryan Nugent-Hopkins. 10:18 of 1st period - Ryan Nugent-Hopkins wins face-off versus Derick Brassard in LAS VEGAS LIZARD KINGS zone. 10:28 of 1st period - Victor Olofsson is hit by Brandon Carlo and loses puck. 12:11 of 1st period - Shot by Patrik Laine. 12:11 of 1st period - Stopped by Marc-Andre Fleury without a rebound. 12:12 of 1st period - Jonathan Miller wins face-off versus Evan Rodrigues in LAS VEGAS LIZARD KINGS zone. 12:22 of 1st period - Jonathan Miller is hit by Drake Caggiula and loses puck. 12:56 of 1st period - Icing by Brenden Dillon. 12:57 of 1st period - Jonathan Miller wins face-off versus Ryan Nugent-Hopkins in REGINA FALCONS zone. 13:08 of 1st period - Shot by Jonathan Miller. 13:08 of 1st period - Deflect By David Pastrnak. 13:08 of 1st period - Stopped by Marc-Andre Fleury without a rebound. 13:09 of 1st period - Sean Monahan wins face-off versus Ryan Getzlaf in LAS VEGAS LIZARD KINGS zone. 13:13 of 1st period - Icing by Sean Monahan. 13:14 of 1st period - Sean Monahan wins face-off versus Ryan Getzlaf in LAS VEGAS LIZARD KINGS zone. 13:21 of 1st period - Shot by Sean Monahan. 13:21 of 1st period - Stopped by Anton Khudobin without a rebound. 13:22 of 1st period - Ryan Nugent-Hopkins wins face-off versus Ryan Getzlaf in REGINA FALCONS zone. 14:35 of 1st period - Shot by Jeff Skinner. 14:35 of 1st period - Stopped by Anton Khudobin without a rebound. 14:36 of 1st period - Derek Ryan wins face-off versus Derick Brassard in REGINA FALCONS zone. 14:43 of 1st period - Shot by Barclay Goodrow. 14:43 of 1st period - Shot Misses the Net. 14:51 of 1st period - Shot by Corey Perry. 14:51 of 1st period - Shot Misses the Net. 14:53 of 1st period - Shot by Denis Malgin. 14:53 of 1st period - Shot Misses the Net. 14:55 of 1st period - Shot by Derick Brassard. 14:55 of 1st period - Stopped by Marc-Andre Fleury without a rebound. 14:56 of 1st period - Sean Monahan wins face-off versus Jonathan Miller in LAS VEGAS LIZARD KINGS zone. 14:58 of 1st period - Icing by Brent Burns. 14:59 of 1st period - Sean Monahan wins face-off versus Ryan Getzlaf in LAS VEGAS LIZARD KINGS zone. 15:22 of 1st period - Shot by Jonathan Audy-Marchessault. 15:22 of 1st period - Shot Blocked by Brayden McNabb. 15:24 of 1st period - Shot by Patrik Laine. 15:24 of 1st period - Stopped by Marc-Andre Fleury with a rebound. 15:44 of 1st period - Shot by Patrik Laine. 15:44 of 1st period - Shot Blocked by Brayden McNabb. 15:46 of 1st period - Shot by Anton Stralman. 15:46 of 1st period - Stopped by Marc-Andre Fleury without a rebound. 15:47 of 1st period - Ryan Nugent-Hopkins wins face-off versus Jonathan Miller in LAS VEGAS LIZARD KINGS zone. 16:27 of 1st period - Shot by Victor Olofsson. 16:27 of 1st period - Stopped by Anton Khudobin without a rebound. 16:28 of 1st period - Derek Ryan wins face-off versus Derick Brassard in REGINA FALCONS zone. 16:59 of 1st period - Brenden Dillon is hit by Bobby Ryan and loses puck. 17:00 of 1st period - Minor Penalty to Barclay Goodrow for High sticking. 17:01 of 1st period - Ryan Getzlaf wins face-off versus Zemgus Girgensons in LAS VEGAS LIZARD KINGS zone. 17:14 of 1st period - Shot by Patrik Laine. 17:14 of 1st period - Deflect By Jonathan Audy-Marchessault. 17:14 of 1st period - Shot Misses the Net. 17:33 of 1st period - Icing by Patrik Laine. 17:34 of 1st period - Sean Monahan wins face-off versus Ryan Getzlaf in REGINA FALCONS zone. 18:24 of 1st period - Shot by Max Pacioretty. 18:24 of 1st period - Stopped by Marc-Andre Fleury with a rebound. 18:30 of 1st period - Shot by David Pastrnak. 18:30 of 1st period - Shot Blocked by John Marino. 18:32 of 1st period - Shot by David Pastrnak. 18:32 of 1st period - Shot Hit the Post. 19:28 of 1st period - Shot by Victor Olofsson. 19:28 of 1st period - Deflect By Ryan Nugent-Hopkins. 19:28 of 1st period - Stopped by Anton Khudobin with a rebound. 19:30 of 1st period - Shot by Mirco Mueller. 19:30 of 1st period - Shot Misses the Net. 19:32 of 1st period - Shot by Ryan Nugent-Hopkins. 19:32 of 1st period - Stopped by Anton Khudobin without a rebound. 19:33 of 1st period - Derek Ryan wins face-off versus Ryan Getzlaf in REGINA FALCONS zone. Goals for this period are 1 for REGINA FALCONS vs 0 for LAS VEGAS LIZARD KINGS. Shots for this period are 8 for REGINA FALCONS vs 11 for LAS VEGAS LIZARD KINGS. 2nd period 0:01 of 2nd period - Ryan Nugent-Hopkins wins face-off versus Jonathan Miller in neutral zone. 0:07 of 2nd period - Icing by Anton Stralman. 0:08 of 2nd period - Ryan Nugent-Hopkins wins face-off versus Jonathan Miller in REGINA FALCONS zone. 0:11 of 2nd period - Shot by Victor Olofsson. 0:11 of 2nd period - Goal by Victor Olofsson - REGINA FALCONS : 1 - LAS VEGAS LIZARD KINGS : 1. 0:12 of 2nd period - Jonathan Miller wins face-off versus Ryan Nugent-Hopkins in neutral zone. 0:19 of 2nd period - Shot by Jonathan Miller. 0:19 of 2nd period - Shot Blocked by Brent Burns. 0:21 of 2nd period - Shot by Jonathan Miller. 0:21 of 2nd period - Stopped by Marc-Andre Fleury without a rebound. 0:22 of 2nd period - Ryan Nugent-Hopkins wins face-off versus David Pastrnak in LAS VEGAS LIZARD KINGS zone. 0:45 of 2nd period - Shot by Victor Olofsson. 0:45 of 2nd period - Shot Misses the Net. 2:25 of 2nd period - Icing by Matt Roy. 2:26 of 2nd period - Derek Ryan wins face-off versus Ryan Getzlaf in LAS VEGAS LIZARD KINGS zone. 3:31 of 2nd period - Shot by Denis Malgin. 3:31 of 2nd period - Deflect By Derick Brassard. 3:31 of 2nd period - Shot Misses the Net. 3:33 of 2nd period - Shot by Brenden Dillon. 3:33 of 2nd period - Goal by Brenden Dillon - REGINA FALCONS : 2 - LAS VEGAS LIZARD KINGS : 1. 3:34 of 2nd period - Christoffer Ehn wins face-off versus Johnny Gaudreau in neutral zone. 3:41 of 2nd period - Brayden McNabb is hit by Matt Martin. 4:27 of 2nd period - Icing by Ryan Nugent-Hopkins. 4:28 of 2nd period - Corey Perry wins face-off versus Ryan Nugent-Hopkins in LAS VEGAS LIZARD KINGS zone. 4:50 of 2nd period - Corey Perry is hit by Matt Niskanen and loses puck. 6:18 of 2nd period - Icing by Brandon Carlo. 6:19 of 2nd period - Ryan Getzlaf wins face-off versus Ryan Nugent-Hopkins in REGINA FALCONS zone. 6:23 of 2nd period - Patrik Laine is hit by Ryan Nugent-Hopkins and loses puck. 6:54 of 2nd period - Shot by Ryan Nugent-Hopkins. 6:54 of 2nd period - Stopped by Anton Khudobin with a rebound. 6:56 of 2nd period - Shot by Ryan Nugent-Hopkins. 6:56 of 2nd period - Shot Blocked by Ryan Getzlaf. 7:00 of 2nd period - Shot by Johnny Gaudreau. 7:00 of 2nd period - Stopped by Anton Khudobin with a rebound. 7:26 of 2nd period - Shot by David Pastrnak. 7:26 of 2nd period - Shot Blocked by Sean Monahan. 7:30 of 2nd period - Shot by David Pastrnak. 7:30 of 2nd period - Stopped by Marc-Andre Fleury with a rebound. 7:32 of 2nd period - Shot by Jonathan Miller. 7:32 of 2nd period - Shot Misses the Net. 7:34 of 2nd period - Shot by Jonathan Miller. 7:34 of 2nd period - Stopped by Marc-Andre Fleury with a rebound. 7:39 of 2nd period - Icing by John Marino. 7:40 of 2nd period - Derick Brassard wins face-off versus Sean Monahan in LAS VEGAS LIZARD KINGS zone. 8:34 of 2nd period - Icing by Olli Maatta. 8:35 of 2nd period - Ryan Nugent-Hopkins wins face-off versus Derick Brassard in REGINA FALCONS zone. 8:58 of 2nd period - Icing by Brent Burns. 8:59 of 2nd period - Ryan Nugent-Hopkins wins face-off versus Jonathan Miller in LAS VEGAS LIZARD KINGS zone. 9:17 of 2nd period - David Pastrnak is hit by Brayden McNabb and loses puck. 9:22 of 2nd period - Shot by Jonathan Miller. 9:22 of 2nd period - Stopped by Marc-Andre Fleury without a rebound. 9:23 of 2nd period - Derek Ryan wins face-off versus Christoffer Ehn in LAS VEGAS LIZARD KINGS zone. 9:23 of 2nd period - Derek Ryan is hit by Matt Martin. 9:26 of 2nd period - Icing by Barclay Goodrow. 9:27 of 2nd period - Jonathan Miller wins face-off versus Derek Ryan in LAS VEGAS LIZARD KINGS zone. 9:40 of 2nd period - Shot by Max Pacioretty. 9:40 of 2nd period - Shot Misses the Net. 10:00 of 2nd period - Shot by David Pastrnak. 10:00 of 2nd period - Stopped by Marc-Andre Fleury without a rebound. 10:01 of 2nd period - Ryan Getzlaf wins face-off versus Ryan Nugent-Hopkins in LAS VEGAS LIZARD KINGS zone. 10:37 of 2nd period - Shot by Jonathan Audy-Marchessault. 10:37 of 2nd period - Shot Misses the Net. 10:39 of 2nd period - Shot by Olli Maatta. 10:39 of 2nd period - Stopped by Marc-Andre Fleury without a rebound. 10:40 of 2nd period - Jonathan Miller wins face-off versus Sean Monahan in LAS VEGAS LIZARD KINGS zone. 10:47 of 2nd period - Shot by David Pastrnak. 10:47 of 2nd period - Shot Misses the Net. 10:51 of 2nd period - Shot by Jonathan Miller. 10:51 of 2nd period - Stopped by Marc-Andre Fleury without a rebound. 10:52 of 2nd period - Derick Brassard wins face-off versus Derek Ryan in LAS VEGAS LIZARD KINGS zone. 10:55 of 2nd period - Shot by Denis Malgin. 10:55 of 2nd period - Deflect By Derick Brassard. 10:55 of 2nd period - Stopped by Marc-Andre Fleury with a rebound. 11:32 of 2nd period - Minor Penalty to Erik Johnson for Hooking. 11:33 of 2nd period - Ryan Nugent-Hopkins wins face-off versus Denis Malgin in REGINA FALCONS zone. 12:10 of 2nd period - Shot by Johnny Gaudreau. 12:10 of 2nd period - Shot Misses the Net. 12:12 of 2nd period - Shot by Matt Roy. 12:12 of 2nd period - Stopped by Anton Khudobin with a rebound. 12:36 of 2nd period - Shot by Brent Burns. 12:36 of 2nd period - Stopped by Anton Khudobin without a rebound. 12:37 of 2nd period - Sean Monahan wins face-off versus Ryan Getzlaf in REGINA FALCONS zone. 12:38 of 2nd period - Shot by Jeff Skinner. 12:38 of 2nd period - Shot Misses the Net. 12:40 of 2nd period - Shot by Brent Burns. 12:40 of 2nd period - Stopped by Anton Khudobin with a rebound. 12:42 of 2nd period - Shot by Brent Burns. 12:42 of 2nd period - Shot Misses the Net. 12:44 of 2nd period - Shot by Matt Niskanen. 12:44 of 2nd period - Goal by Matt Niskanen - REGINA